 Dungeon Crawl Stone Soup version 0.31.0-9-g3a7656b989 (webtiles) character file.

Game seed: 8549339179574622971

18543 Gottschkopf the Warrior (level 12, 0/117 (121) HPs)
             Began as a Minotaur Fighter on Jan 24, 2024.
             Was a Priest of Ru.
             Slain by an orc knight
             ... wielding a +3 halberd of protection
              (12 damage)
             ... on level 2 of the Orcish Mines.
             The game lasted 00:37:39 (12046 turns).

Gottschkopf the Warrior (Minotaur Fighter)         Turns: 12046, Time: 00:37:40

HP:   0/117 (121)   AC: 24    Str: 26    XL:     12   Next: 28%
MP:   11/11         EV:  7    Int:  4    God:    Ru [***...]
Gold: 839           SH: 13    Dex: 21    Spells: 11/11 levels left

rFire   + . .        C - +3 dagger of the Dwarven Hall {elec, rC+}
rCold   + . .        c - +0 buckler
rNeg    . . .        d - +1 plate armour {rF+}
rPois   +            (helmet restricted)
rElec   .            z - +2 cloak {Will+}
rCorr   +            E - +1 pair of gloves
SInv    .            O - +0 pair of boots
Will    +....        D - amulet of reflection Stlth
                     H - ring of Midwinter {rPois Dex+8}
HPRegen 0.39/turn    v - ring of resist corrosion
MPRegen 0.12/turn

%: reflection
@: lightly drained
A: horns 2, hated by all, inability to train dodging, retaliatory headbutt,
agile 1
a: Renounce Religion, Draw Out Power


You were on level 2 of the Orcish Mines.
You worshipped Ru.
Ru was most pleased with you.
You visited 3 branches of the dungeon, and saw 15 of its levels.

You collected 1302 gold pieces.
You spent 463 gold pieces at shops.

Inventory:

Hand Weapons
 g - a +4 short sword of draining
 j - a +3 dire flail of holy wrath
 n - a +2 great sword
 C - the +3 dagger of the Dwarven Hall (weapon) {elec, rC+}
   (You took it off an orc on level 6 of the Dungeon)

   rC+:       It protects you from cold.
Missiles
 J - a throwing net (quivered)
Armour
 c - a +0 buckler (worn)
 d - a +1 plate armour of fire resistance (worn)
 z - a +2 cloak of willpower (worn)
 E - a +1 pair of gloves (worn)
 O - a +0 pair of boots (worn)
Magical Staves
 F - a staff of conjuration
Jewellery
 p - a ring of magical power
 u - an amulet of regeneration
 v - a ring of resist corrosion (right hand)
 A - an amulet of the acrobat
 D - an amulet of reflection (around neck)
 H - the ring of Midwinter (left hand) {rPois Dex+8}
   (You bought it in a shop on level 9 of the Dungeon)

   [ring of poison resistance]

   Dex+8:     It affects your dexterity (+8).
   rPois:     It protects you from poison
 K - a ring of flight
 S - a ring of protection from fire
Wands
 f - a wand of polymorph (4)
 B - a wand of roots (11)
 P - a wand of light (5)
 Q - a wand of digging (9)
Scrolls
 e - a scroll of fog {unknown}
 i - 5 scrolls of teleportation
 m - a scroll of blinking {unknown}
 q - a scroll of torment {unknown}
 r - 3 scrolls of enchant weapon
 x - a scroll of revelation {unknown}
 y - 2 scrolls of noise
 G - a scroll of butterflies {unknown}
 L - a scroll of silence {unknown}
 M - a scroll of poison {unknown}
 N - 3 scrolls of immolation {unknown}
 R - 2 scrolls of vulnerability {unknown}
Potions
 a - 3 potions of curing
 b - 4 potions of lignification
 h - 2 potions of magic
 k - a potion of brilliance
 l - 3 potions of attraction
 t - a potion of enlightenment
Miscellaneous
 I - a phantom mirror


   Skills:
 + Level 15.2 Fighting
 - Level 10.1 Short Blades
 - Level 2.4 Maces & Flails
 * Level 12.4 Armour
 * Level 10.9 Shields


You had 11 spell levels left.
You didn't know any spells.
Your spell library contained the following spells:

 Spells                   Type           Power      Damage    Failure   Level
 Slow                     Hex            0%         N/A       99%         1
 Scorch                   Fire           0%         2d5       100%        2
 Confusing Touch          Hex            0%         N/A       100%        3
 Inner Flame              Hex/Fire       0%         N/A       100%        3
 Sigil of Binding         Hex            0%         N/A       100%        3
 Vampiric Draining        Necr           0%         2d6       100%        3
 Flame Wave               Conj/Fire      0%         2d4       100%        4
 Irradiate                Conj/Alch      0%         3d11      100%        5
 Ignition                 Fire           0%         3d3       100%        8
 Summon Small Mammal      Summ           Unusable   N/A       N/A         1
 Call Canine Familiar     Summ           Unusable   N/A       N/A         3
 Summon Blazeheart Golem  Fire/Summ      Unusable   N/A       N/A         4
 Summon Cactus Giant      Summ           Unusable   N/A       N/A         6

Dungeon Overview and Level Annotations

Branches:
Dungeon (12/15)            Temple (1/1) D:5            Lair (0/5) D:9
    Orc (2/2) D:12
    Elf: Orc:2

Altars:
Ashenzari
Cheibriados
Dithmenos
Elyvilon
Gozag
Kikubaaqudgha
Makhleb
Nemelex Xobeh
Okawaru
Qazlal
Ru
Sif Muna
Trog
Uskayaw
Vehumet
Wu Jian
Xom
Zin
The Shining One

Shops:
D:7 [:!?*   D:9 [*   D:11 *   D:12 :   Orc:1 [

Annotations:
Orc:2 1 runed translucent door, ratatoskos's ghost, adept OpIE


Innate Abilities, Weirdness & Mutations

You have a pair of horns on your head.
You are hated by all.
You cannot train Dodging skill.
You reflexively headbutt those who attack you in melee.
You are agile. (Dex +4, Str/Int -1)


Message History

The orc knight is heavily wounded.
The orc knight hits you but does no damage.
The orc priest barely misses you.
You hit the orc priest.
The orc priest is heavily wounded.
You hit the orc priest. You headbutt the orc priest.
You kill the orc priest!
The orc knight roars a battlecry!
The orc warrior goes into a battle-frenzy!
You barely miss the orc warrior. You hit the orc warrior.
You headbutt the orc warrior.
The orc warrior is moderately wounded.
The orc warrior is stunned by your conviction and fails to attack.
The orc knight roars a battlecry!
The orc goes into a battle-frenzy!
You closely miss the orc warrior.
The orc warrior is moderately wounded.
You hit the orc warrior.
The orc warrior is moderately wounded.
You feel less exhausted.
The orc warrior hits you with a +0 dire flail!
* * * LOW HITPOINT WARNING * * *
The orc knight roars a battlecry!
You hit the orc warrior.
Lightning courses through the orc warrior!!
You kill the orc warrior!
An orc warrior comes into view. It is wielding a +0 mace.
The orc hits you but does no damage.
An orc high priest comes into view. It is wielding a +0 glaive.
The orc knight hits you with a +3 halberd of protection!
* * * LOW HITPOINT WARNING * * *
There is a stone staircase leading up, spattered with blood here.
Items here: )))))))))) [[[[[[[[[ ††††††.
The orc high priest shouts!
You hit the orc knight but do no damage.
The orc knight is heavily wounded.
You block the orc's attack.
The orc high priest utters an invocation to Beogh.
The orc knight hits you with a +3 halberd of protection!
You die...

#.. ..................
#.. ........o.........
#.#).##.)...#........
##.####).............
#..(##o).............
##.)#[)).......)...#.#
#....)))......#.#.....
##.#.)o.###.###.##....
####@### ####........
##)o)# #........
#[).## ##.#..... ##)##
###..... ### ##.#.#
#####


You could see an orc knight, an orc high priest, an orc warrior (strong) and an
orc (strong).

Vanquished Creatures
  An orc warlord (Orc:2)
  An ogre mage (Orc:2)
  2 boulder beetles
  3 two-headed ogres
  2 orc knights (Orc:2)
  3 orc sorcerers (Orc:2)
  2 cyclopes
  A manticore (D:12)
  2 komodo dragons
  A rime drake (shapeshifter) (D:11)
  3 trolls
  A hornet (D:8)
  4 slime creatures (D:12)
  3 wraiths (D:10)
  A shadow (D:11)
  12 yaks
  3 steam dragons
  A warg (Orc:2)
  Duvessa (D:4)
  A sky beast (D:8)
  A black bear (D:6)
  21 orc warriors
  2 ice beasts
  7 ogres
  2 centaurs
  4 phantoms
  2 kobold brigands
  Blork the orc (D:4)
  5 bullfrogs
  Dowan (D:4)
  5 wights (D:7)
  3 killer bees (D:9)
  2 howler monkeys (D:11)
  A bombardier beetle (D:4)
  8 orc priests
  2 hounds
  A gnoll bouda (D:9)
  5 jellies
  A sleepcap (D:5)
  2 iguanas
  21 orc wizards
  13 gnolls
  7 adders
  A shadow imp (D:5)
  2 white imps
  2 dart slugs
  63 orcs
  10 ball pythons
  5 bats
  16 endoplasms
  3 giant cockroaches
  4 goblins
  5 hobgoblins
  6 jackals
  17 kobolds
  5 quokkas
  4 frilled lizards
  A rat (D:3)
309 creatures vanquished.

Vanquished Creatures (others)
  An ogre (Orc:1)
  2 orcs
3 creatures vanquished.

Grand Total: 312 creatures vanquished

Notes
Turn   | Place    | Note
-------+----------+-------------------------------------------
     0 | D:1      | Gottschkopf the Minotaur Fighter began the quest for the
                  | Orb.
     0 | D:1      | Reached XP level 1. HP: 19/19 MP: 0/0
    82 | D:1      | Reached skill level 4 in Fighting
    82 | D:1      | Reached XP level 2. HP: 17/27 MP: 1/1
   186 | D:1      | Reached skill level 1 in Short Blades
   555 | D:1      | Reached XP level 3. HP: 33/33 MP: 2/2
   663 | D:1      | Found a faded altar of an unknown god.
   669 | D:1      | Prayed at the altar of an unknown god.
   669 | D:1      | Became a worshipper of Vehumet
   669 | D:1      | Reached * piety under Vehumet
   669 | D:1      | Offered knowledge of Sandblast by Vehumet.
  1242 | D:2      | Found an iron altar of Okawaru.
  1464 | D:2      | Reached XP level 4. HP: 35/40 MP: 3/3
  2112 | D:3      | Offered knowledge of Kiss of Death by Vehumet.
  2156 | D:3      | Reached ** piety under Vehumet
  2244 | D:3      | Found a sacrificial altar of Ru.
  2244 | D:3      | Found a blossoming altar of Fedhas.
  2244 | D:3      | Found a sparkling altar of Nemelex Xobeh.
  2244 | D:3      | Found a glowing golden altar of the Shining One.
  2244 | D:3      | Found an ornate altar of the Wu Jian Council.
  2244 | D:3      | Found a snail-covered altar of Cheibriados.
  2257 | D:3      | Reached skill level 5 in Short Blades
  2257 | D:3      | Reached XP level 5. HP: 19/46 MP: 4/4
  2523 | D:3      | Fell from the grace of Vehumet
  2523 | D:3      | Became a worshipper of Ru the Awakened
  2723 | D:4      | Noticed Blork the orc
  2729 | D:4      | Killed Blork the orc
  2840 | D:4      | Reached XP level 6. HP: 42/52 MP: 5/5
  3011 | D:4      | Noticed Dowan
  3012 | D:4      | Noticed Duvessa
  3021 | D:4      | Killed Duvessa
  3029 | D:4      | Killed Dowan
  3166 | D:4      | Reached XP level 7. HP: 59/59 MP: 6/6
  3808 | D:5      | Entered Level 5 of the Dungeon
  3901 | D:5      | Found a hazy altar of Hepliaklqana.
  4159 | D:5      | Found a staircase to the Ecumenical Temple.
  4168 | Temple   | Entered the Ecumenical Temple
  4187 | D:5      | Noticed a steam dragon
  4208 | D:5      | Killed a steam dragon
  4263 | D:5      | Found a glowing silver altar of Zin.
  4388 | D:5      | Reached XP level 8. HP: 39/66 MP: 7/7
  4444 | D:5      | Found a shimmering blue altar of Sif Muna.
  4449 | D:5      | Found an ancient bone altar of Kikubaaqudgha.
  4523 | D:5      | Reached skill level 10 in Short Blades
  4858 | D:6      | Reached skill level 5 in Fighting
  5015 | D:6      | Identified the +3 dagger of the Dwarven Hall {elec, rC+}
  5052 | D:6      | Identified the +1 dagger "Firooruhie" {heavy, Str+4 Int-4}
  5184 | D:6      | Found a sacrificial altar of Ru.
  5245 | D:6      | Reached skill level 6 in Fighting
  5245 | D:6      | Reached skill level 5 in Armour
  5526 | D:7      | Found Xafe's Distillery.
  5530 | D:7      | Bought a potion of degeneration for 11 gold pieces
  5546 | D:7      | Found Usiorieze's Assorted Antiques.
  5578 | D:7      | Reached skill level 7 in Fighting
  5669 | D:7      | Found Ipeunye's Book Shoppe.
  5809 | D:7      | Reached XP level 9. HP: 54/81 MP: 8/8
  5923 | D:7      | Gained mutation: You are agile. (Dex +4, Str/Int -1)
                  | [potion of mutation]
  5934 | D:7      | Reached skill level 8 in Fighting
  6112 | D:7      | Found Ugish's Magic Scroll Shoppe.
  6132 | D:7      | Bought a scroll of identify for 26 gold pieces
  6132 | D:7      | Bought a scroll of identify for 26 gold pieces
  6513 | D:7      | Found a glowing golden altar of the Shining One.
  6541 | D:7      | Found Iloin's Antique Armour Boutique.
  6547 | D:7      | Bought a glowing cloak for 255 gold pieces
  6663 | D:8      | Reached skill level 9 in Fighting
  6954 | D:8      | Was forgiven by Vehumet
  7182 | D:9      | Noticed a troll
  7332 | D:9      | Reached skill level 10 in Fighting
  7363 | D:9      | Killed a troll
  7565 | D:9      | Reached skill level 5 in Shields
  7585 | D:9      | Found Qejool's Assorted Antiques.
  7590 | D:9      | Bought a faintly glowing steel ring for 145 gold pieces
  7590 | D:9      | Identified the ring of Midwinter {rPois Dex+8} (You bought
                  | it in a shop on level 9 of the Dungeon)
  7635 | D:9      | Found a shimmering altar of Xom.
  7753 | D:9      | Reached skill level 1 in Dodging
  7760 | D:9      | Reached XP level 10. HP: 74/94 MP: 9/9
  7795 | D:9      | Found Hytuepy's Armour Shoppe.
  7967 | D:9      | Found a hide-covered altar of Uskayaw.
  8001 | D:9      | Found a sparkling altar of Nemelex Xobeh.
  8012 | D:9      | Gained mutation: You cannot train Dodging skill. [Ru
                  | sacrifice]
  8012 | D:9      | Reached * piety under Ru
  8021 | D:9      | Found a staircase to the Lair.
  8026 | D:9      | Reached skill level 11 in Fighting
  8196 | D:10     | Entered Level 10 of the Dungeon
  8551 | D:10     | Reached skill level 12 in Fighting
  8729 | D:10     | Found a blossoming altar of Fedhas.
  8740 | D:10     | Found an opulent altar of Gozag.
  8861 | D:11     | Noticed a boulder beetle
  8897 | D:11     | Killed a boulder beetle
  9146 | D:11     | Found Qetravaf's Gadget Gallery.
  9237 | D:11     | Noticed a cyclops
  9255 | D:11     | Killed a cyclops
  9830 | D:12     | Noticed a manticore
  9849 | D:12     | Reached skill level 13 in Fighting
  9856 | D:12     | Killed a manticore
  9857 | D:12     | Reached XP level 11. HP: 80/107 MP: 10/10
  9979 | D:12     | Reached skill level 10 in Armour
 10157 | D:12     | Found a staircase to the Orcish Mines.
 10200 | D:12     | Found Leurur Moj's Book Emporium.
 10286 | D:12     | Noticed a boulder beetle
 10316 | D:12     | Killed a boulder beetle
 10541 | Orc:1    | Entered Level 1 of the Orcish Mines
 10648 | Orc:2    | Entered Level 2 of the Orcish Mines
 10648 | Orc:2    | Noticed an orc knight
 10648 | Orc:2    | Noticed an ogre mage
 10648 | Orc:2    | Noticed a two-headed ogre
 10655 | Orc:2    | Noticed a two-headed ogre
 10661 | Orc:1    | Killed a two-headed ogre
 10662 | Orc:1    | Reached skill level 14 in Fighting
 10677 | Orc:1    | Gained mutation: You are hated by all. [Ru sacrifice]
 10677 | Orc:1    | Reached ** piety under Ru
 10677 | Orc:1    | Reached *** piety under Ru
 10907 | Orc:1    | Killed a two-headed ogre
 11069 | Orc:2    | Killed an ogre mage
 11077 | Orc:2    | Killed an orc knight
 11137 | Orc:2    | Found a runed translucent door.
 11138 | Orc:2    | Noticed ratatoskos's ghost (adept OpIE)
 11452 | Orc:2    | Noticed a two-headed ogre
 11465 | Orc:2    | Killed a two-headed ogre
 11636 | Orc:1    | Found Mistri's Antique Armour Emporium.
 11763 | Orc:2    | Noticed an orc knight
 11777 | Orc:2    | Killed an orc knight
 11778 | Orc:2    | Reached skill level 10 in Shields
 11778 | Orc:2    | Reached XP level 12. HP: 101/118 MP: 11/11
 11857 | Orc:2    | Reached skill level 15 in Fighting
 11912 | Orc:2    | Noticed an orc warlord
 11956 | Orc:2    | Killed an orc warlord
 12045 | Orc:2    | Noticed an orc high priest
 12046 | Orc:2    | Slain by an orc knight

Illustrated notes

Levels and vault maps discovered:
D:1:      evilmike_arrival_rings, layout_basic,
          dreamdust_ecumenical_altar_angels_and_demons
D:2:      layout_basic, basic_altar
D:3:      cheibrodos_fertilizer, layout_basic
D:4:      layout_basic, uniq_blork_the_orc, uniq_duvessa
D:5:      layout_loops_cross, mainiacjoe_overflow_tiny_flanked,
          worldfamousw_hep_ancestral_shrine, minitemple,
          minmay_temple_entry_trees
D:6:      layout_loops_corners, nicolae_ru_path_of_blood
D:7:      layout_loops_ring, mainiacjoe_overflow_alcove_2, serial_shops, shop,
          nicolae_book_shop_shelving, shop, shop, nicolae_take_the_stairs,
          minivault_27
D:8:      layout_rooms
D:9:      layout_cave_pools, mainiacjoe_overflow_small_starburst,
          dk_xom_monty_hall, nemelex_spade_bored_becter, david_lair_shrubbed,
          serial_shops, nicolae_shop_real_fake_doors, nicolae_shop_statue_plus,
          chequers_serial_rivers_micro_c
D:10:     layout_roguey, amethyst_overflow_temple_binary
D:11:     layout_basic, nicolae_shop_gadgets
D:12:     layout_rooms, orc_0_dummy, serial_shops, shop
Temple:   minmay_temple_curvy_loop
Orc:1:    layout_caves, serial_shops, nicolae_shop_tiny_statue_garden
Orc:2:    st_orc_congregation, layout_caves, gammafunk_ghost_grave

Skill      XL: |  1  2  3  4  5  6  7  8  9 10 11 12 |
---------------+-------------------------------------+-----
Fighting       | 4 7 10 13 14 15 | 15.2
Armour         | 4 6 8 9 11 12 | 12.4
Short Blades   | 2 3 5 6 7 9 10 | 10.1
Shields        | 5 7 10 | 10.9
Dodging        | 1 0 |  0.0
Maces & Flails | |  2.4

Action                     |  1- 3 |  4- 6 |  7- 9 | 10-12 || total
---------------------------+-------+-------+-------+-------++-------
  Melee: Flail             |     8 |       |       |       ||     8
         Headbutt          |     8 |    11 |    71 |   184 ||   274
         Short sword       |    79 |    83 |   143 |       ||   305
         Dagger            |       |       |   248 |   604 ||   852
         Unarmed           |       |       |    29 |       ||    29
 Invoke: Reject Sacrifices |       |       |     1 |       ||     1
         Sacrifice Nimblen |       |       |       |     1 ||     1
         Sacrifice Love    |       |       |       |     1 ||     1
         Draw Out Power    |       |       |       |     1 ||     1
    Use: Scroll            |       |       |    11 |     4 ||    15
         Potion            |       |       |     1 |     5 ||     6
   Stab: Invisible         |       |       |       |     1 ||     1
 Armour: Scale mail        |    10 |       |       |       ||    10
         Chain mail        |    72 |    44 |   117 |       ||   233
         Plate armour      |       |       |    91 |   215 ||   306
         Skin              |       |       |    20 |       ||    20
  Dodge: Dodged            |    44 |    28 |    92 |    72 ||   236
  Block: Buckler           |    22 |     8 |    73 |   213 ||   316
         Reflection        |       |       |       |     5 ||     5
